Map: [ESL] Solaris

Players

TeebuL

  • Race: Protoss Protoss
  • Spawn Location: 7:00

Nanami - Winner!

  • Race: Protoss Protoss
  • Spawn Location: 1:00

Event: ESL SC2 Masters 2023 Winter (Regional)

VOD

Have the link to the VOD?

Description

Time

  • Played on: Oct. 29, 2023, 9:02 a.m.
  • Length: 11:13

All games in this series

Show
View Real Time Build Order
Export as new Build Order

TeebuL Protoss 

Build Orders: Phoenix Opening 

Get SALT Encoding   

  12  0:00  Probe  
  13  0:12  Probe  
  14  0:17  Pylon  
  14  0:24  Probe (Chrono Boost)  
  15  0:36  Gateway, Probe (Chrono Boost)  
  16  0:44  Probe (Chrono Boost)  
  16  0:47  Assimilator  
  17  0:51  Probe  
  17  0:54  Assimilator  
  18  1:03  Probe (Chrono Boost)  
  19  1:07  Gateway  
  19  1:15  Probe (Chrono Boost)  
  20  1:21  Probe (Chrono Boost)  
  20  1:24  Cybernetics Core  
  21  1:29  Probe  
  22  1:35  Pylon  
  22  1:42  Probe  
  23  1:54  Probe  
  23  1:58  Warp Gate (Chrono Boost)  
  24  2:02  Adept x2  
  28  2:12  Pylon  
  29  2:15  Probe  
  29  2:24  Pylon  
  29  2:27  Shield Battery  
  29  2:32  Stalker  
  31  2:40  Probe  
  32  2:51  Nexus  
  32  2:53  Sentry  
  32  2:57  Probe  
  35  3:04  Sentry  
  37  3:10  Pylon  
  37  3:11  Probe  
  38  3:23  Twilight Council, Probe (Chrono Boost)  
  39  3:35  Probe (Chrono Boost)  
  39  3:38  Phoenix  
  40  3:43  Probe (Chrono Boost)  
  40  3:45  Shield Battery  
  41  3:51  Probe  
  40  4:05  Dark Shrine  
  40  4:06  Probe (Chrono Boost)  
  40  4:08  Probe (Chrono Boost)  
  41  4:19  Probe (Chrono Boost)  
  41  4:20  Probe (Chrono Boost)  
  41  4:22  Stalker x2  
  46  4:24  Blink (Chrono Boost)  
  46  4:25  Probe, Shield Battery, Phoenix  
  46  4:29  Probe  
  48  4:39  Probe  
  48  4:43  Probe  
  50  4:51  Probe  
  51  4:55  Stalker, Probe  
  51  4:56  Stalker  
  55  5:00  Pylon  
  55  5:03  Forge, Phoenix  
  55  5:06  Probe  
  56  5:09  Probe  
  57  5:19  Gateway  
  57  5:20  Gateway, Stalker x2  
  61  5:23  Assimilator  
  61  5:29  Protoss Ground Weapons Level 1 (Chrono Boost)  
  61  5:35  Pylon  
  61  5:50  Nexus, Probe  
  61  5:51  Pylon  
  61  5:53  Probe  
  63  6:02  Probe  
  64  6:04  Stalker x2  
  64  6:08  Probe  
  69  6:14  Probe, Stalker  
  69  6:17  Robotics Facility, Phoenix  
  72  6:19  Stalker  
  72  6:20  Probe  
  75  6:26  Probe  
  75  6:32  Probe  
  77  6:38  Probe, Pylon  
  77  6:39  Pylon  
  78  6:52  Gateway  
  78  6:56  Probe x2, Pylon  
  80  7:02  Dark Shrine, Immortal (Chrono Boost), Probe  
  85  7:08  Probe x2  
  85  7:09  Protoss Ground Weapons Level 2 (Chrono Boost)  
  85  7:14  Gateway  
  87  7:16  Gateway  
  87  7:20  Probe x2  
  87  7:21  Probe  
  87  7:22  Gateway  
  90  7:25  Shield Battery  
  90  7:30  Stalker x2  
  90  7:32  Observer (Chrono Boost)  
  95  7:37  Pylon  
  95  7:40  Assimilator  
  95  7:42  Probe  
  95  7:44  Charge  
  100  7:54  Observer  
  100  7:56  Stalker x5  
  107  8:03  Photon Cannon x2  
  107  8:04  Pylon  
  107  8:20  Dark Templar  
  107  8:21  Dark Templar  
  111  8:27  Archon  
  111  8:29  Zealot x6  
  123  8:35  Nexus, Pylon  
  116  8:50  Zealot x6  
  128  9:00  Stalker x2  
  130  9:12  Zealot  
  132  9:20  Photon Cannon, Shield Battery  
  132  9:22  Pylon  
  132  9:24  Pylon  
  132  9:29  Gateway  
  132  9:34  Pylon  
  132  9:35  Gateway  
  132  9:39  Pylon  
  132  9:41  Pylon  
  132  9:43  Dark Templar x4  
  132  9:44  Zealot, Pylon  
  142  9:45  Pylon  
  142  9:49  Archon  
  142  9:50  Probe x2  
  142  9:55  Stalker x3  
  142  9:58  Archon  
  148  10:02  Probe x2  
  150  10:09  Dark Templar  
  134  10:22  Zealot x7  
  105  10:35  Dark Templar x2  
  105  10:42  Archon  
  109  10:43  Zealot x7  
  109  10:44  Zealot  
  99  10:59  Zealot  
  99  11:00  Zealot  
  72  11:05  Zealot x2  
  72  11:06  Stalker x5  
Show
View Real Time Build Order
Export as new Build Order

Nanami Protoss - Winner!

Build Orders: Oracle Opening, Phoenix Opening 

Get SALT Encoding   

  12  0:00  Probe  
  13  0:12  Probe  
  14  0:17  Pylon  
  14  0:24  Probe (Chrono Boost)  
  16  0:37  Gateway, Probe (Chrono Boost)  
  16  0:42  Probe (Chrono Boost)  
  16  0:45  Assimilator  
  17  0:51  Probe  
  17  0:56  Assimilator  
  18  1:03  Probe (Chrono Boost)  
  19  1:08  Gateway  
  19  1:13  Probe (Chrono Boost)  
  19  1:18  Probe (Chrono Boost)  
  20  1:25  Cybernetics Core  
  21  1:30  Probe  
  22  1:36  Pylon  
  22  1:42  Probe  
  23  1:54  Probe  
  23  1:59  Warp Gate (Chrono Boost)  
  24  2:01  Stalker  
  24  2:02  Stalker  
  28  2:13  Pylon  
  28  2:31  Sentry  
  32  2:45  Nexus  
  32  2:49  Shield Battery  
  31  2:52  Probe  
  31  2:57  Stargate  
  30  3:04  Phoenix, Stalker  
  32  3:11  Stalker  
  34  3:15  Probe  
  35  3:23  Shield Battery  
  35  3:31  Probe  
  36  3:39  Oracle (Chrono Boost)  
  36  3:41  Pylon  
  39  3:54  Shield Battery  
  39  3:57  Probe (Chrono Boost)  
  39  3:58  Probe (Chrono Boost)  
  39  4:01  Twilight Council  
  41  4:09  Probe (Chrono Boost)  
  43  4:15  Probe (Chrono Boost)  
  43  4:16  Probe (Chrono Boost)  
  44  4:23  Probe  
  45  4:34  Blink (Chrono Boost), Probe  
  45  4:37  Probe  
  47  4:40  Stalker x2  
  51  4:46  Probe  
  51  4:49  Probe  
  53  4:58  Probe  
  54  5:01  Probe  
  54  5:05  Robotics Facility  
  54  5:06  Assimilator, Pylon  
  55  5:07  Pylon  
  55  5:09  Stalker  
  57  5:15  Probe x2  
  59  5:22  Nexus  
  59  5:27  Probe  
  60  5:28  Probe  
  60  5:32  Forge  
  61  5:38  Stalker  
  61  5:39  Stalker  
  61  5:41  Probe  
  61  5:42  Probe  
  67  5:53  Observer  
  67  5:54  Probe x2 (Chrono Boost)  
  67  5:56  Shield Battery  
  70  5:59  Pylon  
  70  6:03  Protoss Ground Weapons Level 1  
  70  6:06  Probe (Chrono Boost)  
  70  6:09  Pylon  
  70  6:11  Probe (Chrono Boost)  
  72  6:13  Probe (Chrono Boost)  
  72  6:17  Probe  
  74  6:21  Probe  
  75  6:26  Gateway  
  75  6:27  Gateway  
  75  6:29  Stalker, Probe  
  78  6:33  Probe  
  78  6:35  Probe  
  78  6:37  Immortal (Chrono Boost)  
  78  6:39  Charge  
  80  6:41  Probe  
  80  6:44  Gateway  
  80  6:47  Gateway  
  85  6:53  Gateway  
  85  6:56  Phoenix  
  85  7:01  Gateway  
  85  7:05  Pylon  
  85  7:07  Immortal (Chrono Boost)  
  85  7:11  Zealot x2  
  93  7:23  Zealot  
  93  7:24  Zealot  
  93  7:29  Pylon  
  97  7:30  Templar Archives  
  97  7:31  Pylon  
  97  7:32  Zealot x2  
  97  7:35  Warp Prism (Chrono Boost)  
  101  7:41  Pylon  
  101  7:43  Zealot x2  
  107  7:45  Zealot  
  109  7:51  Photon Cannon  
  109  7:53  Photon Cannon  
  109  7:56  Photon Cannon  
  109  8:02  Protoss Ground Weapons Level 2 (Chrono Boost)  
  109  8:04  Observer (Chrono Boost)  
  110  8:15  Observer  
  110  8:26  Nexus  
  110  8:27  High Templar x2, Zealot, Pylon  
  110  8:28  Zealot x5  
  110  8:32  Archon  
  120  8:50  Zealot x6  
  130  9:00  Stalker x2  
  126  9:03  Immortal  
  126  9:09  Probe  
  126  9:10  Probe x2  
  126  9:12  Photon Cannon  
  126  9:13  Shield Battery  
  126  9:18  High Templar x2  
  126  9:19  Assimilator  
  126  9:22  Probe  
  126  9:23  Assimilator, Archon  
  131  9:24  Zealot x4  
  131  9:26  Probe  
  140  9:34  Pylon  
  140  9:39  Probe  
  140  9:42  Gateway, Probe x2  
  140  9:43  Observer, Probe  
  140  9:45  Gateway  
  143  9:52  High Templar  
  143  9:53  High Templar  
  143  9:55  Zealot x4  
  143  9:58  Archon  
  143  9:59  Zealot x2  
  159  10:07  Pylon  
  156  10:17  Zealot x4  
  152  10:22  Zealot x2  
  140  10:33  High Templar  
  140  10:34  High Templar  
  140  10:38  Archon  
  140  10:41  Zealot x6  
  150  10:47  Pylon  
  150  10:49  Zealot x2, Photon Cannon  
  125  11:02  Zealot x6  
Tags
 
Add a new tag
Caveats
  • Supply blocks, unpowered buildings, or Contaminate may cause inaccurate times.
  • Supply counts are checked every 10 seconds.